 Dungeon Sprint DCSS version bcrawl-1.15.1 (webtiles) character file.

Game seed: 7342781649274022371

13757 Chiseanne the Nimble (level 11, -15/93 HPs)
             Began as a Demonspawn Archaeologist on Oct 1, 2019.
             Was an Initiate of Gozag.
             Killed from afar by a golden dragon (20 damage)
             ... with a bolt of cold
             ... in the Dungeon (Sprint I: "Red Sonja").
             The game lasted 00:31:40 (4378 turns).

Chiseanne the Nimble (Demonspawn Archaeologist)     Turns: 4378, Time: 00:31:41

Health: -15/93     AC: 10    Str: 11    XL:     11   Next: 79%
Magic:  0/37       EV: 30    Int: 22    God:    Gozag
Gold:   1003       SH:  0    Dex: 22    Spells: 18/36 levels left

rFire    . . .     SeeInvis .   s - +7 sceptre of Torment {pain, torment}
rCold    . . .     Gourm    .   (no shield)
rNeg     . . .     Faith    .   b - +1 robe "Fuede" {+Fly MP+9 Int+3 Slay+4}
rPois    .         Spirit   +   z - +2 hat
rElec    +         Reflect  .   (no cloak)
rCorr    .         Harm     .   v - +1 pair of gloves
MR       .....     NoTele   +   d - +1 pair of boots
Stlth    ++++......             x - amulet of magic regeneration
HPRegen  0.25/turn              g - +5 ring of dexterity
MPRegen  0.75/turn              r - ring of insulation

@: agile, lightly drained
A: horns 2, rugged brown scales 1, powered by pain 1, magic shield, magic
regeneration
a: Potion Petition, Call Merchant, Bribe Branch, Renounce Religion, Evoke Flight


You were in the Dungeon.
You worshipped Gozag.
Gozag was most pleased with you.
You were very full.

You visited 1 branch You collected 5161 gold pieces.
You spent 3299 gold pieces at shops.
You paid 859 gold pieces to Gozag.

Inventory:

Hand Weapons
 a - a +3 dagger of venom
 c - the +1 longbow of Greed {speed, Int+4 SInv}
   (You bought it in a shop in the Dungeon)

   Attacks with this weapon are significantly faster.
   It affects your intelligence (+4).
   It lets you see invisible.
 q - a +1 hunting sling of freezing
 s - the +7 sceptre of Torment (weapon) {pain, torment} In the hands of one skilled in necromantic magic, it inflicts extra damage on living creatures.
 u - the +5 scimitar of Joyful Slaughter {freeze, Int+7 Dex+2 Stlth+}
   (You bought it in a shop in the Dungeon)

   It has been specially enchanted to freeze those struck by it, causing extra
   injury to most foes and up to half again as much damage against particularly
   susceptible opponents.
   It can also slow down cold-blooded creatures.
   It affects your intelligence (+7).
   It affects your dexterity (+2).
   It makes you more stealthy.
 w - a +0 blowgun
Missiles
 f - 11 curare-tipped needles
 j - a throwing net (quivered) {!f}
 l - 377 sling bullets
 t - 267 arrows
 y - 118 stones
Armour
 b - the +1 robe "Fuede" (worn) {+Fly MP+9 Int+3 Slay+4}
   (You bought it in a shop in the Dungeon)

   It affects your intelligence (+3).
   It affects your accuracy and damage with ranged weapons and melee attacks
   (+4).
   It affects your magic capacity (+9).
   It lets you fly.
 d - a +1 pair of boots (worn)
 o - a +3 leather armour of cold resistance
 v - a +1 pair of gloves (worn)
 z - a +2 hat (worn)
Jewellery
 g - a +5 ring of dexterity (left hand)
 r - a ring of insulation (right hand)
 x - an amulet of magic regeneration (around neck)
Wands
 i - a wand of digging (11)
 n - a wand of polymorph (2)
Scrolls
 e - 3 scrolls of remove curse
 m - a scroll of blinking
 p - a scroll of fear
 A - 3 scrolls of identify
 B - a scroll of amnesia
Potions
 h - 4 potions of curing
 k - 2 potions of magic
 C - a potion of brilliance
 F - a potion of cancellation
 G - a potion of lignification
Comestibles
 D - 2 rations {!d}


   Skills:
 - Level 10.2(9.8) Fighting
 - Level 4.4(5.1) Short Blades
 - Level 5.1(5.5) Long Blades
 - Level 8.9(8.5) Maces & Flails
 - Level 13.7(13.2) Dodging
 - Level 3.0(2.6) Stealth
 * Level 13.0(12.5) Spellcasting
 * Level 5.3(5.0) Conjurations
 - Level 10.0(9.6) Hexes
 - Level 7.0(6.6) Transmutations
 * Level 0.0 Fire Magic
 - Level 7.0(6.7) Earth Magic
 * Level 4.8(4.5) Evocations


You had 18 spell levels left.
You knew the following spells:

 Your Spells              Type           Power        Failure   Level  Hunger
a - Confuse               Hex            ######..     1%          3    None
b - Dazzling Spray        Conj/Hex       #####.       1%          3    None
c - Petrify               Tmut/Erth      #####...     3%          4    None
d - Blink                 Tloc           N/A          7%          2    None
e - Conjure Flame         Conj/Fire      ###.....     4%          3    None
f - Mephitic Cloud        Conj/Pois/Air  ###.....     7%          3    None

Your spell library contained the following spells:

 Spells                   Type           Power        Failure   Level  Hunger
 Magic Dart               Conj           ####         1%          1    None
 Slow                     Hex            ######..     1%          1    None
 Yara's Violent Unravell  Hex/Tmut       #####.....   1%          4    None
 Call Imp                 Summ           ##......     7%          2    None
 Metabolic Englaciation   Hex/Ice        #####.....   19%         5    ####...
 Mana Rupture             Conj/Hex       #####.....   89%         7    #######


Dungeon Overview and Level Annotations

Branches:
Dungeon (1/1)

Altars:
Cheibriados
Dithmenos
Elyvilon
Fedhas
Gozag
Hepliaklqana
Kikubaaqudgha
Lugonu
Makhleb
Nemelex Xobeh
Okawaru
Qazlal
Ru
Sif Muna
Trog
Uskayaw
Vehumet
Wu Jian
Xom
Yredelemnul
Zin
The Shining One
Jiyva

Shops:
D :*[(%[*[


Innate Abilities, Weirdness & Mutations

You have a pair of horns on your head.
You are partially covered in rugged brown scales. (AC +1, +3% HP)
You sometimes gain a little power by taking damage.
When hurt, damage is shared between your health and your magic reserves.
You regenerate magic rapidly.


Message History

The golden dragon bites you!!
* * * LOW HITPOINT WARNING * * *
You focus on the pain.
You feel more agile all of a sudden. The golden dragon claws you!
* * * LOW HITPOINT WARNING * * *
The golden dragon completely misses you.
You thump the golden dragon!
The golden dragon is severely wounded.
The golden dragon completely misses you.
The golden dragon misses you.
The golden dragon completely misses you. x2
The golden dragon misses you.
The golden dragon tramples you but does no damage.
You hit the golden dragon. You headbutt the golden dragon.
The golden dragon is severely wounded.
The golden dragon breathes cold at you. The bolt of cold hits you!
You die...
Your body crumbles into a pile of gold.

##################**********
.§§§∩§§..#§^'.§§.#,,,$$$$$$*
.§..∩##..'^^#§§§§##,,$$$$$$*
#§.§#######+#§.§.§#****$$$$*
###+#,$?##,,#§§.§§#$$$*$$$$*
*,#.##$$$#,,##§...#,∩,*$$$$*
**#..###$#,,≈###+##$$$*$$$$*
$$##.#A#$#,,≈,,#@####+#$$$$*
,,#..###$#,,≈,##D#.§.§##$$$*
+*#.##..$#,,≈##.D.§§§§.##$$*
**#..#+###,,≈#...§§§.§..#$$*
$*##...#,≈,,*#..^.§§§§..#*$*
$*$###.#,≈,,#......}§....#,*
$$$$$*.#**,,#.....)......#$*
$$$$$*.#,+,,##.......^..##$*
$$****+#,**'*#$$$$$$$$$$#$$*


You could see a shadow dragon and a golden dragon.

Vanquished Creatures
  A hydra (D)
  A centaur warrior (D)
  Sonja (D)
  5 unseen horrors (D)
  A lindwurm (D)
  An oklob plant (D)
  8 shining eyes (D)
  A moth of wrath (D)
  A gargoyle (D)
  2 kobold demonologists (D)
  4 demonic crawlers (D)
  A slime creature (D)
  A hornet (D)
  A snapping turtle (D)
  Sigmund (D)
  A yak (D)
  13 hogs (D)
  6 floating eyes (D)
  An ogre (D)
  A wolf (D)
  Ijyb (D)
  A ballistomycete (D)
54 creatures vanquished.

Vanquished Creatures (others)
  2 ballistomycete spores (D)
2 creatures vanquished.

Grand Total: 56 creatures vanquished

Notes
Turn   | Place    | Note
-------+----------+-------------------------------------------
     0 | D        | Chiseanne the Demonspawn Archaeologist began the quest for
                  | the Orb.
     0 | D        | Reached XP level 1. HP: 15/15 MP: 1/1
     1 | D        | Noticed Ijyb
    12 | D        | Killed Ijyb
    12 | D        | Gained mutation: You have a pair of small horns on your
                  | head. [demonic ancestry]
    12 | D        | Reached XP level 2. HP: 25/25 MP: 2/2
   418 | D        | Noticed an ogre
   426 | D        | Killed an ogre
   426 | D        | Reached XP level 3. HP: 16/30 MP: 2/6
   426 | D        | Gained mutation: When hurt, damage is shared between your
                  | health and your magic reserves. [demonic ancestry]
   426 | D        | Reached XP level 4. HP: 20/37 MP: 2/7
   577 | D        | Noticed Sigmund
   582 | D        | Killed Sigmund
   582 | D        | Reached XP level 5. HP: 42/42 MP: 8/8
   596 | D        | Found a shimmering blue altar of Sif Muna.
   597 | D        | Found an ornate altar of the Wu Jian Council.
   598 | D        | Found a radiant altar of Vehumet.
   610 | D        | Noticed a wolf
   610 | D        | a jelly changed into a wolf
   619 | D        | Killed a wolf
   619 | D        | Reached skill level 5 in Fighting
   619 | D        | Reached skill level 5 in Dodging
   619 | D        | Reached XP level 6. HP: 15/51 MP: 0/9
   836 | D        | Found Heucliam's Antique Armour Emporium.
   836 | D        | Found an ancient bone altar of Kikubaaqudgha.
   836 | D        | Found a hazy altar of Hepliaklqana.
   836 | D        | Found a hide-covered altar of Uskayaw.
   836 | D        | Found a basalt altar of Yredelemnul.
   836 | D        | Found an opulent altar of Gozag.
   836 | D        | Found a snail-covered altar of Cheibriados.
   836 | D        | Found a sacrificial altar of Ru.
   836 | D        | Found a shadowy altar of Dithmenos.
   836 | D        | Noticed a yak
   837 | D        | Found a stormy altar of Qazlal.
   837 | D        | Found a blossoming altar of Fedhas.
   837 | D        | Found a bloodstained altar of Trog.
   837 | D        | Found an iron altar of Okawaru.
   837 | D        | Found a glowing golden altar of the Shining One.
   837 | D        | Found a glowing silver altar of Zin.
   837 | D        | Found a white marble altar of Elyvilon.
   844 | D        | Killed a yak
   845 | D        | Found a sparkling altar of Nemelex Xobeh.
   886 | D        | Became a worshipper of Gozag Ym Sagoz the Greedy
   889 | D        | Bought a warped robe for 114 gold pieces
   889 | D        | Bought a creamy pearl robe for 114 gold pieces
   896 | D        | Noticed Sonja
   904 | D        | Killed Sonja
   904 | D        | Gained mutation: You regenerate magic rapidly. [demonic
                  | ancestry]
   904 | D        | Reached XP level 7. HP: 52/63 MP: 9/16
   904 | D        | Gained mutation: You sometimes gain a little power by
                  | taking damage. [demonic ancestry]
   904 | D        | Reached XP level 8. HP: 58/69 MP: 9/17
   999 | D        | Found Pueh's Book Boutique.
  1084 | D        | Bought a book of Misfortune for 260 gold pieces
  1089 | D        | Learned a level 3 spell: Confuse
  1093 | D        | Learned a level 3 spell: Dazzling Spray
  1098 | D        | Learned a level 4 spell: Petrify
  1103 | D        | Noticed a shining eye
  1103 | D        | Noticed a shining eye
  1103 | D        | Noticed a shining eye
  1104 | D        | Noticed a shining eye
  1104 | D        | Noticed a shining eye
  1104 | D        | Noticed a shining eye
  1105 | D        | Noticed a shining eye
  1105 | D        | Noticed a shining eye
  1107 | D        | Paralysed by a floating eye for 3 turns
  1112 | D        | Paralysed by a floating eye for 4 turns
  1119 | D        | Paralysed by a floating eye for 2 turns
  1121 | D        | Reached skill level 1 in Hexes
  1124 | D        | Paralysed by a floating eye for 3 turns
  1150 | D        | Killed a shining eye
  1150 | D        | Reached skill level 5 in Hexes
  1160 | D        | Killed a shining eye
  1160 | D        | Reached skill level 10 in Dodging
  1160 | D        | Gained mutation: You have a pair of horns on your head.
                  | [demonic ancestry]
  1160 | D        | Reached XP level 9. HP: 67/67 MP: 14/17
  1167 | D        | Killed a shining eye
  1172 | D        | Killed a shining eye
  1177 | D        | Killed a shining eye
  1177 | D        | Reached skill level 10 in Spellcasting
  1183 | D        | Paralysed by a floating eye for 3 turns
  1189 | D        | Paralysed by a floating eye for 3 turns
  1205 | D        | Killed a shining eye
  1206 | D        | Killed a shining eye
  1206 | D        | Gained mutation: You are partially covered in rugged brown
                  | scales. (AC +1, +3% HP) [demonic ancestry]
  1206 | D        | Reached XP level 10. HP: 52/68 MP: 16/19
  1221 | D        | Killed a shining eye
  1305 | D        | Found Sakuum's Weapon Shop.
  1305 | D        | Found Caoddofa's General Store.
  1305 | D        | Found Mirruunt's Food Boutique.
  1305 | D        | Found Ropruq's Magic Scroll Emporium.
  1319 | D        | Bought a scroll of identify for 28 gold pieces
  1328 | D        | Bought the +5 scimitar of Joyful Slaughter {freeze, Int+7
                  | Dex+2 Stlth+} for 773 gold pieces
  1348 | D        | Noticed a deep troll
  1350 | D        | Noticed a moth of wrath
  1350 | D        | a deep troll changed into a moth of wrath
  1357 | D        | Killed a moth of wrath
  1357 | D        | Reached skill level 1 in Long Blades
  1357 | D        | Reached skill level 10 in Hexes
  1446 | D        | Found Daofy's Armour Emporium.
  1453 | D        | Bought a +0 pair of gloves for 45 gold pieces
  1490 | D        | Bought a scroll of identify for 28 gold pieces
  1490 | D        | Bought a scroll of identify for 28 gold pieces
  1490 | D        | Bought a scroll of identify for 28 gold pieces
  1497 | D        | Identified the +1 robe "Fuede" {+Fly MP+9 Int+3 Slay+4}
                  | (You bought it in a shop in the Dungeon)
  1500 | D        | Identified the +3 robe of Dishonour {MR++ Regen+} (You
                  | bought it in a shop in the Dungeon)
  1507 | D        | Bought 2 scrolls of remove curse for 84 gold pieces
  1558 | D        | Noticed a centaur warrior
  1559 | D        | a centaur warrior changed into a snapping turtle
  1559 | D        | Noticed a centaur warrior
  1568 | D        | Killed a centaur warrior
  1568 | D        | Reached skill level 1 in Transmutations
  1568 | D        | Reached skill level 1 in Earth Magic
  1749 | D        | Noticed an oklob plant
  1756 | D        | Killed an oklob plant
  1830 | D        | Bought a glowing hat for 140 gold pieces
  1874 | D        | Bought a scroll of enchant weapon for 105 gold pieces
  1874 | D        | Bought a scroll of identify for 28 gold pieces
  1874 | D        | Bought a scroll of identify for 28 gold pieces
  1874 | D        | Bought a scroll of identify for 28 gold pieces
  1874 | D        | Bought a scroll of amnesia for 49 gold pieces
  1940 | D        | Found a viscous altar of Jiyva.
  1940 | D        | Found a corrupted altar of Lugonu.
  1941 | D        | Found a burning altar of Makhleb.
  1941 | D        | Found a shimmering altar of Xom.
  1994 | D        | Bought a potion of heal wounds for 65 gold pieces
  1994 | D        | Bought a potion of brilliance for 52 gold pieces
  1994 | D        | Bought a ration for 65 gold pieces
  1994 | D        | Bought a scroll of remove curse for 39 gold pieces
  2035 | D        | Noticed a sixfirhy
  2067 | D        | HP: 4/84 [demonic crawler (6)]
  2089 | D        | Reached XP level 11. HP: 12/89 MP: 14/27
  2635 | D        | Bought the cursed +1 longbow of Greed {speed, Int+4 SInv}
                  | for 456 gold pieces
  2639 | D        | Bought a ration for 65 gold pieces
  2681 | D        | Reached skill level 5 in Long Blades
  2835 | D        | Noticed a lindwurm
  2844 | D        | Killed a lindwurm
  2844 | D        | Reached skill level 5 in Transmutations
  2844 | D        | Reached skill level 5 in Earth Magic
  2885 | D        | Bought a book of Minor Magic for 260 gold pieces
  2889 | D        | Learned a level 2 spell: Blink
  2893 | D        | Learned a level 3 spell: Conjure Flame
  2897 | D        | Learned a level 3 spell: Mephitic Cloud
  2942 | D        | Reached skill level 1 in Conjurations
  3160 | D        | Noticed a 12-headed hydra
  3164 | D        | Paralysed by a floating eye for 4 turns
  3172 | D        | Killed a 12-headed hydra
  3422 | D        | Noticed a daeva
  3428 | D        | Noticed an unseen horror
  3428 | D        | Noticed an unseen horror
  3428 | D        | Noticed an unseen horror
  3428 | D        | Noticed an unseen horror
  3433 | D        | Killed an unseen horror
  3443 | D        | Killed an unseen horror
  3444 | D        | Noticed an unseen horror
  3447 | D        | Killed an unseen horror
  3447 | D        | Reached skill level 10 in Fighting
  3450 | D        | Killed an unseen horror
  3450 | D        | Reached skill level 5 in Conjurations
  3451 | D        | Killed an unseen horror
  3683 | D        | Bought a scroll of fear for 38 gold pieces
  3683 | D        | Bought a potion of heal wounds for 55 gold pieces
  3683 | D        | Bought a potion of curing for 33 gold pieces
  3683 | D        | Bought a potion of cancellation for 88 gold pieces
  3683 | D        | Bought a scroll of identify for 22 gold pieces
  3683 | D        | Bought a scroll of fear for 38 gold pieces
  3683 | D        | Bought a potion of lignification for 33 gold pieces
  3683 | D        | Bought a ration for 55 gold pieces
  3683 | D        | Bought a ration for 55 gold pieces
  4356 | D        | Noticed a shadow dragon
  4356 | D        | Noticed a golden dragon
  4378 | D        | Killed from afar by a golden dragon

Skill      XL: |  1  2  3  4  5  6  7  8  9 10 11 |
---------------+----------------------------------+-----
Fighting       | 4 5 8 10 | 10.2
Dodging        | 4 5 8 10 11 12 13 | 13.7
Short Blades   | 4 |  4.4
Evocations     | 4 |  4.8
Maces & Flails | 8 |  8.9
Spellcasting   | 2 6 8 10 12 13 | 13.0
Hexes          | 6 9 10 | 10.0
Long Blades    | 4 5 |  5.1
Transmutations | 4 7 |  7.0
Earth Magic    | 4 7 |  7.0
Conjurations   | 5 |  5.3
Stealth        | |  3.0

Action                   |  1- 3 |  4- 6 |  7- 9 | 10-12 || total
-------------------------+-------+-------+-------+-------++-------
Melee: Whip              |     8 |       |       |       ||     8
       Dagger            |     3 |    22 |    72 |   177 ||   274
       Headbutt          |       |     2 |    20 |    68 ||    90
       Eveningstar       |       |       |     2 |    36 ||    38
       Scimitar          |       |       |       |     1 ||     1
 Fire: Longbow           |       |       |       |     3 ||     3
       Hunting sling     |       |       |       |     1 ||     1
 Cast: Confuse           |       |       |       |     9 ||     9
       Petrify           |       |       |       |     8 ||     8
       Dazzling Spray    |       |       |       |    11 ||    11
       Conjure Flame     |       |       |       |     2 ||     2
       Mephitic Cloud    |       |       |       |     1 ||     1
Invok: Call Merchant     |       |       |       |     2 ||     2
Evoke: Wand              |       |     1 |       |     5 ||     6
  Use: Potion            |     1 |     1 |       |     5 ||     7
       Scroll            |       |       |       |    11 ||    11
 Stab: Sleeping          |     1 |     3 |       |     4 ||     8
       Confused          |       |       |       |     8 ||     8
       Invisible         |       |       |       |     2 ||     2
  Eat: Ration            |       |       |       |     5 ||     5
Armor: Robe              |     2 |       |       |    74 ||    76
       Leather armour    |       |     3 |       |       ||     3
Dodge: Dodged            |     4 |    13 |       |   290 ||   307
